AoeStats
← |GaoeG| flamingo

Arabia

509967392Analyzed
2v2 RM · 2d ago on Sep 28, 2026· 37m 39s· 4 players
Game mode
Random Map
Map size
Medium (4 player)
Population
200
Speed
Normal
Resources
Standard
Victory
Conquest
Starting age
Dark Age
Ending age
Imperial Age
RankedLock teamsTeams togetherTeam positionsShared explorationLock speedFull tech treeHidden civsTurbo modeCheats
Victory
Defeat
🇪🇸 Khitans · Spain
1413
+10
🇪🇸 Georgians · Spain
1306
+15
🇬🇧 Gurjaras · United Kingdom
1291
-13
🇪🇸 Cumans · Spain
1270
-12
Bambi
7:33 Loom
10:11 Feudal Age
14:24 Forging
15:07 Scale Barding Armor
25:39 Castle Age
23:44 Double-Bit Axe
28:03 Iron Casting
33:42 Chain Barding Armor
36:03 Fletching
samuelfananas
7:44 Loom
10:15 Feudal Age
13:00 Double-Bit Axe
15:15 Horse Collar
24:58 Castle Age
23:20 Scale Barding Armor
23:26 Forging
23:59 Bloodlines
24:57 Wheelbarrow
25:07 Stone Mining
25:09 Gold Mining
25:37 Stone Mining
26:25 Iron Casting
33:09 Fletching
|GaoeG| flamingo
6:56 Loom
9:23 Feudal Age
10:16 Double-Bit Axe
10:26 Horse Collar
23:06 Castle Age
21:38 Bloodlines
22:29 Forging
23:20 Gold Mining
24:28 Husbandry
24:56 Light Cavalry
29:38 Bow Saw
29:38 Heavy Plow
29:45 Scale Barding Armor
31:13 Chain Barding Armor
JITANOmaleant7
6:25 Loom
9:15 Feudal Age
10:31 Double-Bit Axe
13:27 Domestication
19:40 Castle Age
17:49 Gold Mining
20:15 Wheelbarrow
21:06 Forging
22:44 Bow Saw
31:03 Husbandry
32:37 Scale Barding Armor
37:01 Hand Cart
37:52 Chain Barding Armor
Connection lost

Rejoining the realm…

Still unreachable

The connection could not be restored.

Session expired

The server has moved on; the page needs a fresh start.